 Dungeon Sprint DCSS version 0.29.1-15-g9cfb28693d (webtiles) character file.

Game seed: 16957425562277173420

187 GigaChad the Trooper (level 5, -1/48 HPs)
             Began as a Formicid Fighter on Mar 30, 2023.
             Succumbed to a scorpion's poison
             ... in the Dungeon (Sprint II: "The Violet Keep of Menkaure").
             The game lasted 00:00:37 (630 turns).

GigaChad the Trooper (Formicid Fighter)              Turns: 630, Time: 00:00:38

Health: -1/48      AC:  7    Str: 23    XL:     5   Next: 99%
Magic:  5/5        EV: 10    Int:  7    God:
Gold:   243        SH:  5    Dex: 13    Spells: 4/4 levels left

rFire   . . .      SeeInvis +   a - +0 war axe
rCold   . . .      Faith    .   c - +0 buckler
rNeg    . . .      Spirit   .   b - +0 scale mail
rPois   .          Reflect  .   (helmet unavailable)
rElec   .          Harm     .   (no cloak)
rCorr   .          Rampage  .   (no gloves)
Will    .....                   (no boots)
Stlth   ..........              (no amulet)
HPRegen 0.16/turn               (no ring)
MPRegen 0.09/turn               (no ring)

@: lethally poisoned (-1 -> -18)
A: permanent stasis, dig shafts and tunnels, antennae 3, four strong arms
a: Dig


You were in the Dungeon.
You visited 1 branch You collected 243 gold pieces.

Inventory:

Hand Weapons
 a - a +0 war axe (weapon)
Armour
 b - a +0 scale mail (worn)
 c - a +0 buckler (worn)
Potions
 d - a potion of might
 f - a potion of heal wounds
 g - 2 potions of magic


   Skills:
 + Level 7.0 Fighting
 + Level 6.7 Axes
 + Level 6.8 Armour
 + Level 1.1 Dodging
 + Level 6.9 Shields


You had 4 spell levels left.
You didn't know any spells.
Your spell library was empty.

Dungeon Overview and Level Annotations

Branches:
Dungeon (1/1)

Altars:


Innate Abilities, Weirdness & Mutations

You cannot be hasted, slowed, berserked, paralysed or teleported.
You can dig through walls and to a lower floor.
You have a pair of large antennae on your head. (SInv)
Your four strong arms can wield two-handed weapons with a shield.


Message History

You feel very sick. The scorpion stings you.
Your Fighting skill increases to level 7!
Your Axes skill increases to level 6!
Your Dodging skill increases to level 1!
You are too injured to fight recklessly!
Unknown command.
You are too injured to fight recklessly!
Unknown command.
Unknown command.
You feel sick. You block the scorpion's attack.
There is an open door here.
You closely miss the scorpion.
The scorpion is heavily wounded.
You feel sick. The scorpion completely misses you.
You closely miss the scorpion.
The scorpion is heavily wounded.
You feel sick. The scorpion closely misses you.
You block the scorpion's attack.
You hit the scorpion.
The scorpion is almost dead.
You feel sick. The scorpion stings you.
You are more poisoned.
The scorpion poisons you!
You barely miss the scorpion.
The scorpion is almost dead.
* * * LOW HITPOINT WARNING * * *
You feel very sick. The scorpion stings you.
* * * LOW HITPOINT WARNING * * *
You are more poisoned.
The scorpion poisons you! The scorpion misses you.
You barely miss the scorpion.
The scorpion is almost dead.
* * * LOW HITPOINT WARNING * * *
You feel very sick. You block the scorpion's attack.
You slash the scorpion!
You kill the scorpion!
You die...

{ { { {##
## ##.
.##
#..#..#
## #†#
##.# #@#
{
#...##.##
{ #'.<.+
#.##.##{
#.# #+# {
## {{ {{
{


There were no monsters in sight!

Vanquished Creatures
  4 scorpions (D)
  3 worms (D)
7 creatures vanquished.

Notes
Turn   | Place    | Note
-------+----------+-------------------------------------------
     0 | D        | GigaChad the Formicid Fighter began the quest for the Orb.
     0 | D        | Reached XP level 1. HP: 18/18 MP: 1/1
    18 | D        | Reached skill level 4 in Fighting
    18 | D        | Reached XP level 2. HP: 8/25 MP: 2/2
   430 | D        | Noticed a scorpion
   430 | D        | Noticed a scorpion
   440 | D        | Killed a scorpion
   441 | D        | Reached skill level 5 in Fighting
   441 | D        | Reached skill level 5 in Armour
   441 | D        | Reached skill level 5 in Shields
   441 | D        | Reached XP level 3. HP: 27/33 MP: 3/3
   441 | D        | Reached XP level 4. HP: 31/39 MP: 4/4
   446 | D        | Killed a scorpion
   447 | D        | Reached skill level 6 in Fighting
   447 | D        | Reached skill level 5 in Axes
   447 | D        | Reached XP level 5. HP: 38/47 MP: 5/5
   624 | D        | Reached skill level 7 in Fighting
   624 | D        | Reached skill level 1 in Dodging
   630 | D        | Succumbed to a scorpion's poison

Illustrated notes

Levels and vault maps discovered:
D:        the_violet_keep_of_menkaure [sprint2_stairs_cluster_1,
          sprint2_shoproom, sprint2_temple, sprint2_basic_supplies,
          sprint2_obstacle_6, sprint2_obstacle_3, sprint2_obstacle_7,
          sprint2_obstacle_5, sprint2_obstacle_2, sprint2_timed_cluster_1,
          sprint2_smallroom_cluster_1, sprint2_smallroom_final_cluster_1,
          sprint2_transparent_cluster_1, sprint2_second_timed_cluster_1,
          sprint2_sniper_area_1, sprint2_heavy_combat_area_1,
          sprint2_mutation_trap_area_1, sprint2_forest_area_1,
          sprint2_light_combat_area_1, sprint2_behind_water_1,
          sprint2_near_end_vault_1]

Skill      XL: |  1  2  3  4  5 |
---------------+----------------+-----
Fighting       | 4 5 6 7 |  7.0
Armour         | 5 6 |  6.8
Axes           | 4 5 6 |  6.7
Shields        | 5 6 |  6.9
Dodging        | 1 |  1.1

Action                   |  1- 3 |  4- 6 || total
-------------------------+-------+-------++-------
Melee: War axe           |    25 |    15 ||    40
  Use: Potion            |     1 |       ||     1
Armor: Scale mail        |     5 |     4 ||     9
Dodge: Dodged            |     9 |     8 ||    17
Block: Buckler           |     4 |     8 ||    12
